[ AOE2 MATCH · #494760233 ]
UnrankedSaracens vs Huns
Player's team · WIN
Rival team · LOSS
[ REPLAY ANALYSIS · EXTRACTED FROM THE RECORDED GAME ]
Feudal
9:45
Castle
20:54
Imperial
35:02
| APM avg | 58.0 |
| APM peak | 76 |
| eAPM avg | 32.6 |
| Villagers / military | 185 / 185 |
Focus
⚔️ 46.4% · 🌾 53.6%
Skirmisher ×78 · Camel Scout ×74 · Scout Cavalry ×16 · Mangonel ×7 · Monk ×4 · Trebuchet (Packed) ×2
Feudal
8:51
Castle
21:31
Imperial
45:09
| APM avg | 119.2 |
| APM peak | 179 |
| eAPM avg | 59.7 |
| Villagers / military | 172 / 156 |
Focus
⚔️ 67.8% · 🌾 32.2%
Cavalry Archer ×95 · Tarkan ×32 · Archer ×15 · Knight ×9 · Mangonel ×4 · Spearman ×1
Match map
Initial resources + every placement click. Lines = walls · curves = elevation contours. ◆ gold · ⬟ stone · ● berries · ✦ relic · ◌ wall gap
Your base· Open — opponent sealed themselves in
Itz_Zenta's base· ✓ Closed at 21:31 · 63t walls · no gate
Smoothed initial terrain · ◌ = detected wall gap · hover for details
Inputs per minute
— [R1] Pume - - Itz_Zenta
Build order — [R1] Pume
First 150 of 590 actions detected
| 0:00 | Create | Villager (Male) |
| 0:02 | Build | House |
| 0:04 | Build | House |
| 0:12 | Create | Villager (Male) |
| 0:12 | Create | Villager (Male) |
| 0:16 | Create | Villager (Male) |
| 1:28 | Create | Villager (Male) |
| 1:49 | Build | Lumber Camp |
| 2:02 | Create | Villager (Male) |
| 2:24 | Create | Villager (Male) |
| 2:58 | Create | Villager (Male) |
| 3:19 | Create | Villager (Male) |
| 3:45 | Create | Villager (Male) |
| 3:49 | Create | Villager (Male) |
| 3:52 | Create | Villager (Male) |
| 3:59 | Build | House |
| 4:32 | Build | House |
| 4:48 | Build | Palisade Wall |
| 4:53 | Create | Villager (Male) |
| 4:58 | Create | Villager (Male) |
| 5:01 | Build | Palisade Wall |
| 5:03 | Create | Villager (Male) |
| 5:30 | Create | Villager (Male) |
| 5:34 | Build | House |
| 5:35 | Create | Villager (Male) |
| 5:46 | Build | House |
| 5:47 | Build | Palisade Wall |
| 5:49 | Build | Palisade Wall |
| 5:58 | Build | Palisade Wall |
| 6:02 | Build | Palisade Wall |
| 6:11 | Build | Palisade Wall |
| 6:12 | Build | Palisade Wall |
| 6:21 | Build | Palisade Wall |
| 6:21 | Build | Palisade Wall |
| 6:21 | Build | Palisade Wall |
| 6:25 | Create | Villager (Male) |
| 6:47 | Research | Loom |
| 6:53 | Build | Palisade Wall |
| 7:05 | Build | Mill |
| 7:20 | Build | Palisade Wall |
| 7:20 | Build | Palisade Wall |
| 7:21 | Build | Palisade Wall |
| 7:35 | Research | Feudal Age |
| 7:40 | Build | House |
| 8:03 | Build | Palisade Wall |
| 8:06 | Build | Palisade Wall |
| 8:06 | Build | Palisade Wall |
| 8:07 | Build | Palisade Wall |
| 8:12 | Build | Palisade Wall |
| 8:13 | Create | Villager (Male) |
| 8:15 | Build | Lumber Camp |
| 8:52 | Create | Villager (Male) |
| 9:02 | Build | Barracks |
| 9:07 | Build | Palisade Gate |
| 9:40 | Create | Villager (Male) |
| 9:45 | Age | Feudal Age |
| 9:48 | Research | Double-Bit Axe |
| 9:59 | Create | Villager (Male) |
| 10:09 | Create | Spearman |
| 10:13 | Research | Horse Collar |
| 10:15 | Build | Farm |
| 10:22 | Build | Farm |
| 10:28 | Build | Palisade Wall |
| 10:45 | Build | Farm |
| 10:46 | Create | Villager (Male) |
| 11:05 | Build | Watch Tower |
| 11:10 | Create | Villager (Male) |
| 11:30 | Create | Villager (Male) |
| 11:34 | Build | Farm |
| 11:43 | Create | Villager (Male) |
| 11:48 | Create | Villager (Male) |
| 12:02 | Create | Villager (Male) |
| 12:09 | Build | Archery Range |
| 12:24 | Build | Palisade Wall |
| 12:26 | Build | Palisade Wall |
| 12:26 | Build | Palisade Wall |
| 12:27 | Build | Palisade Wall |
| 12:27 | Build | Palisade Wall |
| 12:27 | Build | Palisade Wall |
| 12:28 | Build | Palisade Wall |
| 12:28 | Build | Palisade Wall |
| 12:28 | Build | Palisade Wall |
| 12:29 | Build | Palisade Wall |
| 12:29 | Create | Villager (Male) |
| 12:39 | Build | Farm |
| 12:41 | Create | Villager (Male) |
| 12:46 | Build | Farm |
| 12:50 | Build | Farm |
| 12:52 | Create | Skirmisher |
| 13:10 | Create | Skirmisher |
| 13:11 | Create | Villager (Male) |
| 13:20 | Create | Skirmisher |
| 13:22 | Build | House |
| 13:26 | Build | Farm |
| 13:27 | Build | Farm |
| 13:32 | Create | Villager (Male) |
| 13:40 | Build | Palisade Wall |
| 13:44 | Create | Villager (Male) |
| 13:50 | Build | Farm |
| 13:52 | Build | Farm |
| 14:06 | Create | Villager (Male) |
| 14:16 | Create | Villager (Male) |
| 14:23 | Create | Skirmisher |
| 14:39 | Create | Skirmisher |
| 14:39 | Create | Villager (Male) |
| 14:52 | Create | Villager (Male) |
| 14:55 | Create | Skirmisher |
| 14:56 | Create | Villager (Male) |
| 15:05 | Create | Skirmisher |
| 15:06 | Build | Mining Camp |
| 15:13 | Build | Farm |
| 15:13 | Build | Farm |
| 15:15 | Create | Villager (Male) |
| 15:24 | Build | Mining Camp |
| 15:47 | Build | Farm |
| 15:49 | Build | Farm |
| 16:16 | Create | Villager (Male) |
| 16:18 | Build | House |
| 16:18 | Build | House |
| 16:31 | Create | Villager (Male) |
| 16:37 | Build | Blacksmith |
| 16:52 | Create | Skirmisher |
| 16:52 | Create | Villager (Male) |
| 17:12 | Build | House |
| 17:17 | Create | Villager (Male) |
| 17:23 | Build | House |
| 17:24 | Build | House |
| 17:25 | Build | Palisade Wall |
| 17:28 | Build | House |
| 17:38 | Build | Market |
| 17:53 | Build | House |
| 17:57 | Build | Gate |
| 18:14 | Research | Castle Age |
| 18:28 | Build | Farm |
| 18:37 | Build | Farm |
| 18:38 | Build | Farm |
| 18:41 | Build | Farm |
| 18:41 | Create | Skirmisher |
| 19:10 | Research | Padded Archer Armor |
| 19:12 | Create | Skirmisher |
| 19:21 | Build | House |
| 19:22 | Build | House |
| 19:24 | Create | Skirmisher |
| 19:46 | Research | Fletching |
| 19:47 | Create | Skirmisher |
| 20:19 | Create | Villager (Male) |
| 20:24 | Build | House |
| 20:54 | Age | Castle Age |
| 20:56 | Research | Bow Saw |
| 20:57 | Create | Villager (Male) |
Build order — Itz_Zenta
First 150 of 517 actions detected
| 0:00 | Create | Villager (Male) ×4 |
| 1:05 | Create | Villager (Male) |
| 1:45 | Create | Villager (Male) |
| 2:08 | Build | Lumber Camp |
| 2:23 | Create | Villager (Male) |
| 2:45 | Create | Villager (Male) |
| 2:52 | Create | Villager (Male) |
| 2:52 | Create | Villager (Male) |
| 3:09 | Create | Villager (Male) |
| 3:41 | Create | Villager (Male) |
| 3:47 | Create | Villager (Male) |
| 4:08 | Create | Villager (Male) |
| 4:25 | Create | Villager (Male) |
| 4:57 | Create | Villager (Male) |
| 5:03 | Build | Mill |
| 5:54 | Research | Loom |
| 6:34 | Research | Feudal Age |
| 7:03 | Build | Palisade Wall |
| 7:32 | Build | Barracks |
| 7:44 | Create | Villager (Male) |
| 8:08 | Create | Villager (Male) |
| 8:42 | Create | Villager (Male) |
| 8:51 | Age | Feudal Age |
| 8:53 | Create | Spearman |
| 8:55 | Build | Archery Range |
| 8:58 | Research | Double-Bit Axe |
| 9:16 | Create | Villager (Male) |
| 9:25 | Create | Villager (Male) |
| 9:32 | Build | Palisade Wall |
| 9:37 | Create | Archer |
| 9:42 | Build | Watch Tower |
| 9:48 | Build | Mining Camp |
| 9:52 | Create | Villager (Male) |
| 10:07 | Create | Villager (Male) |
| 10:09 | Build | Farm |
| 10:20 | Create | Villager (Male) |
| 10:26 | Build | Watch Tower |
| 10:38 | Build | Farm |
| 10:42 | Create | Archer |
| 10:50 | Build | Watch Tower |
| 10:57 | Build | Farm |
| 10:58 | Create | Villager (Male) |
| 11:07 | Build | Palisade Wall |
| 11:11 | Create | Archer |
| 11:46 | Build | Blacksmith |
| 11:55 | Create | Archer |
| 11:56 | Create | Villager (Male) |
| 12:04 | Create | Archer |
| 12:29 | Create | Villager (Male) |
| 12:34 | Research | Fletching |
| 12:34 | Research | Fletching |
| 12:37 | Build | Mining Camp |
| 12:40 | Create | Villager (Male) |
| 12:45 | Build | Palisade Wall |
| 13:02 | Create | Archer |
| 13:07 | Create | Villager (Male) |
| 13:19 | Build | Outpost |
| 13:24 | Build | Farm |
| 13:33 | Create | Villager (Male) |
| 13:42 | Build | Palisade Wall |
| 13:43 | Create | Archer |
| 13:52 | Build | Farm |
| 13:55 | Build | Watch Tower |
| 13:59 | Build | Watch Tower |
| 13:59 | Create | Villager (Male) |
| 14:17 | Create | Villager (Male) |
| 14:22 | Create | Archer |
| 14:35 | Create | Archer |
| 14:43 | Build | Farm |
| 14:58 | Create | Villager (Male) |
| 15:00 | Build | Farm |
| 15:03 | Create | Archer |
| 15:21 | Create | Villager (Male) |
| 15:47 | Build | Palisade Wall |
| 15:48 | Build | Palisade Wall |
| 15:50 | Build | Palisade Wall |
| 15:50 | Build | Palisade Wall |
| 15:50 | Build | Palisade Wall |
| 15:51 | Build | Palisade Wall |
| 15:51 | Build | Palisade Wall |
| 15:54 | Build | Palisade Wall |
| 15:57 | Create | Villager (Male) |
| 15:58 | Build | Farm |
| 15:59 | Build | Farm |
| 16:16 | Build | Palisade Wall |
| 16:24 | Create | Villager (Male) |
| 16:27 | Build | Farm |
| 16:29 | Create | Archer |
| 16:55 | Create | Villager (Male) |
| 16:55 | Create | Villager (Male) |
| 16:56 | Build | Farm |
| 17:11 | Create | Archer |
| 17:20 | Create | Villager (Male) |
| 17:50 | Create | Villager (Male) |
| 17:56 | Build | Watch Tower |
| 18:08 | Create | Archer |
| 18:10 | Build | Farm |
| 18:13 | Build | Farm |
| 18:16 | Create | Villager (Male) |
| 18:25 | Build | Farm |
| 18:37 | Build | Lumber Camp |
| 18:51 | Research | Castle Age |
| 18:51 | Research | Castle Age |
| 19:03 | Build | Palisade Wall |
| 19:04 | Build | Palisade Wall |
| 19:05 | Build | Palisade Wall |
| 19:05 | Build | Palisade Wall |
| 19:06 | Build | Palisade Wall |
| 19:06 | Build | Palisade Wall |
| 19:16 | Build | Farm |
| 19:36 | Build | Palisade Wall |
| 19:40 | Create | Archer |
| 19:50 | Build | Stable |
| 20:01 | Research | Horse Collar |
| 20:23 | Research | Gold Mining |
| 20:23 | Research | Gold Mining |
| 20:37 | Build | Farm |
| 20:38 | Create | Villager (Male) |
| 21:11 | Build | Archery Range |
| 21:14 | Create | Villager (Male) |
| 21:18 | Build | Outpost |
| 21:31 | Age | Castle Age |
| 21:33 | Research | Bodkin Arrow |
| 21:35 | Create | Knight |
| 21:37 | Build | Farm |
| 21:58 | Build | Siege Workshop |
| 22:03 | Research | Crossbowman (upgrade) |
| 22:03 | Research | Crossbowman (upgrade) |
| 22:04 | Create | Archer |
| 22:06 | Create | Cavalry Archer |
| 22:11 | Build | Palisade Wall |
| 22:20 | Create | Cavalry Archer |
| 22:32 | Create | Villager (Male) |
| 22:34 | Create | Knight |
| 22:45 | Create | Mangonel |
| 22:48 | Create | Villager (Male) |
| 22:53 | Build | Outpost |
| 23:07 | Create | Villager (Male) |
| 23:14 | Create | Cavalry Archer |
| 23:15 | Create | Villager (Male) |
| 23:27 | Build | Lumber Camp |
| 23:27 | Create | Cavalry Archer |
| 23:27 | Create | Cavalry Archer |
| 23:35 | Create | Villager (Male) |
| 23:44 | Build | Outpost |
| 23:48 | Create | Villager (Male) |
| 23:54 | Create | Villager (Male) |
| 23:59 | Build | Outpost |
| 24:01 | Create | Cavalry Archer |
| 24:03 | Create | Villager (Male) |
Match timeline
| 4:48 | [R1] Pume · wall_segment Palisade Wall x6 |
| 5:01 | [R1] Pume · wall_segment Palisade Wall x5 |
| 5:47 | [R1] Pume · wall_segment Palisade Wall x1 |
| 5:49 | [R1] Pume · wall_segment Palisade Wall x1 |
| 5:58 | [R1] Pume · wall_segment Palisade Wall x1 |
| 6:02 | [R1] Pume · wall_segment Palisade Wall x1 |
| 6:11 | [R1] Pume · wall_segment Palisade Wall x1 |
| 6:12 | [R1] Pume · wall_segment Palisade Wall x1 |
| 6:21 | [R1] Pume · wall_segment Palisade Wall x1 |
| 6:21 | [R1] Pume · wall_segment Palisade Wall x2 |
| 6:21 | [R1] Pume · wall_segment Palisade Wall x1 |
| 6:53 | [R1] Pume · wall_segment Palisade Wall x1 |
| 7:03 | Itz_Zenta · wall_segment Palisade Wall x17 |
| 7:20 | [R1] Pume · wall_segment Palisade Wall x1 |
| 7:20 | [R1] Pume · wall_segment Palisade Wall x1 |
| 7:21 | [R1] Pume · wall_segment Palisade Wall x1 |
| 7:32 | Itz_Zenta · first_building Barracks |
| 8:03 | [R1] Pume · wall_segment Palisade Wall x4 |
| 8:06 | [R1] Pume · wall_segment Palisade Wall x1 |
| 8:06 | [R1] Pume · wall_segment Palisade Wall x1 |
| 8:07 | [R1] Pume · wall_segment Palisade Wall x1 |
| 8:12 | [R1] Pume · wall_segment Palisade Wall x1 |
| 8:51 | Itz_Zenta · age_up feudal |
| 8:55 | Itz_Zenta · first_building Archery Range |
| 9:02 | [R1] Pume · first_building Barracks |
| 9:32 | Itz_Zenta · wall_segment Palisade Wall x3 |
| 9:45 | [R1] Pume · age_up feudal |
| 10:28 | [R1] Pume · wall_segment Palisade Wall x1 |
| 11:07 | Itz_Zenta · wall_segment Palisade Wall x8 |
| 12:09 | [R1] Pume · first_building Archery Range |
| 12:24 | [R1] Pume · wall_segment Palisade Wall x1 |
| 12:26 | [R1] Pume · wall_segment Palisade Wall x1 |
| 12:26 | [R1] Pume · wall_segment Palisade Wall x1 |
| 12:27 | [R1] Pume · wall_segment Palisade Wall x1 |
| 12:27 | [R1] Pume · wall_segment Palisade Wall x1 |
| 12:27 | [R1] Pume · wall_segment Palisade Wall x1 |
| 12:28 | [R1] Pume · wall_segment Palisade Wall x1 |
| 12:28 | [R1] Pume · wall_segment Palisade Wall x1 |
| 12:28 | [R1] Pume · wall_segment Palisade Wall x1 |
| 12:29 | [R1] Pume · wall_segment Palisade Wall x1 |
| 12:45 | Itz_Zenta · wall_segment Palisade Wall x11 |
| 13:40 | [R1] Pume · wall_segment Palisade Wall x1 |
| 13:42 | Itz_Zenta · wall_segment Palisade Wall x7 |
| 15:47 | Itz_Zenta · wall_segment Palisade Wall x1 |
| 15:48 | Itz_Zenta · wall_segment Palisade Wall x1 |
| 15:50 | Itz_Zenta · wall_segment Palisade Wall x1 |
| 15:50 | Itz_Zenta · wall_segment Palisade Wall x1 |
| 15:50 | Itz_Zenta · wall_segment Palisade Wall x1 |
| 15:51 | Itz_Zenta · wall_segment Palisade Wall x1 |
| 15:51 | Itz_Zenta · wall_segment Palisade Wall x1 |
| 15:54 | Itz_Zenta · wall_segment Palisade Wall x1 |
| 16:16 | Itz_Zenta · wall_segment Palisade Wall x9 |
| 17:25 | [R1] Pume · wall_segment Palisade Wall x1 |
| 19:03 | Itz_Zenta · wall_segment Palisade Wall x1 |
| 19:04 | Itz_Zenta · wall_segment Palisade Wall x1 |
| 19:05 | Itz_Zenta · wall_segment Palisade Wall x1 |
| 19:05 | Itz_Zenta · wall_segment Palisade Wall x1 |
| 19:06 | Itz_Zenta · wall_segment Palisade Wall x1 |
| 19:06 | Itz_Zenta · wall_segment Palisade Wall x1 |
| 19:36 | Itz_Zenta · wall_segment Palisade Wall x1 |
| 19:50 | Itz_Zenta · first_building Stable |
| 20:54 | [R1] Pume · age_up castle |
| 20:58 | [R1] Pume · first_market_buy 100 stone |
| 21:21 | [R1] Pume · first_building Monastery |
| 21:31 | Itz_Zenta · age_up castle |
| 21:58 | Itz_Zenta · first_building Siege Workshop |
| 22:11 | Itz_Zenta · wall_segment Palisade Wall x1 |
| 22:35 | [R1] Pume · first_building Siege Workshop |
| 26:56 | Itz_Zenta · first_building Castle |
| 27:42 | Itz_Zenta · first_market_sell 100 wood |
| 29:32 | [R1] Pume · first_market_sell 100 food |
| 29:41 | [R1] Pume · first_building Castle |
| 35:02 | [R1] Pume · age_up imperial |
| 39:12 | [R1] Pume · first_building Stable |
| 45:09 | Itz_Zenta · age_up imperial |
| 45:41 | Itz_Zenta · wall_segment Palisade Wall x1 |
| 46:41 | Itz_Zenta · first_market_buy 100 stone |
| 50:36 | Itz_Zenta · resign |
[ AI ANALYSIS · 1 CREDIT ]
What really happened in this match?
Wolo.gg analyzes every decision: build order, eco, micro, common mistakes by bracket. Personalized analysis on WhatsApp or Discord in 30 seconds.
Civ guide
Saracens
Perfil
Jugador #1554380